Map: Ulrena

Players

ColonelK - Winner!

  • Race: Protoss Protoss
  • League: Master

Miszu

  • Race: Terran Terran
  • League: Master

VOD

Have the link to the VOD?

Description

Time

  • Played on: April 19, 2016, 1:34 p.m.
  • Length: 14:24
Show
View Real Time Build Order
Export as new Build Order

ColonelK Protoss - Winner!

Build Orders: 1 Gate Expand, Phoenix Opening 

Get SALT Encoding   

  12  0:01  Probe (Chrono Boost)  
  13  0:11  Probe (Chrono Boost)  
  14  0:19  Pylon  
  14  0:22  Probe (Chrono Boost)  
  15  0:37  Gateway, Probe (Chrono Boost)  
  16  0:44  Assimilator  
  16  0:48  Probe (Chrono Boost)  
  17  0:59  Probe (Chrono Boost)  
  18  1:09  Probe (Chrono Boost)  
  19  1:26  Nexus  
  19  1:27  Probe (Chrono Boost)  
  20  1:36  Cybernetics Core  
  20  1:39  Probe (Chrono Boost)  
  21  1:51  Pylon, Probe (Chrono Boost)  
  22  1:59  Assimilator  
  21  2:01  Probe (Chrono Boost)  
  22  2:12  Adept, Probe (Chrono Boost)  
  22  2:13  Warp Gate  
  26  2:22  Probe (Chrono Boost)  
  26  2:33  Probe (Chrono Boost)  
  27  2:40  Stargate  
  27  2:43  Probe x2 (Chrono Boost)  
  29  2:44  Adept  
  31  2:53  Probe (Chrono Boost)  
  31  2:54  Pylon, Probe (Chrono Boost)  
  33  3:04  Probe (Chrono Boost)  
  33  3:05  Probe (Chrono Boost)  
  35  3:12  Gateway  
  35  3:14  Probe (Chrono Boost)  
  35  3:15  Probe (Chrono Boost)  
  37  3:23  Probe (Chrono Boost), Phoenix (Chrono Boost)  
  37  3:26  Probe  
  41  3:33  Mothership Core  
  41  3:37  Pylon  
  41  3:38  Probe  
  44  3:46  Phoenix (Chrono Boost)  
  46  3:50  Probe  
  46  3:54  Probe  
  46  4:12  Gateway  
  42  4:18  Probe  
  42  4:21  Phoenix (Chrono Boost)  
  42  4:22  Probe  
  42  4:23  Adept x2  
  50  4:30  Probe  
  49  4:31  Robotics Facility  
  49  4:32  Probe  
  50  4:38  Pylon  
  50  4:42  Probe  
  50  4:43  Probe  
  50  4:44  Phoenix (Chrono Boost)  
  54  4:50  Adept  
  54  4:51  Zealot  
  56  4:53  Probe  
  56  4:54  Probe  
  55  5:04  Probe  
  55  5:06  Probe  
  57  5:07  Phoenix (Chrono Boost), Assimilator  
  59  5:14  Probe  
  59  5:18  Forge, Probe  
  61  5:25  Probe  
  62  5:30  Probe  
  62  5:31  Phoenix (Chrono Boost)  
  65  5:35  Probe  
  65  5:41  Protoss Ground Armor Level 1 (Chrono Boost)  
  65  5:42  Nexus  
  66  5:43  Probe  
  66  5:44  Pylon  
  66  5:46  Probe  
  68  5:52  Phoenix (Chrono Boost)  
  70  6:00  Pylon  
  70  6:06  Gateway  
  70  6:07  Immortal (Chrono Boost)  
  70  6:08  Pylon  
  70  6:09  Probe  
  75  6:16  Probe  
  76  6:19  Assimilator  
  76  6:21  Probe  
  76  6:22  Pylon  
  77  6:25  Twilight Council  
  77  6:27  Pylon  
  77  6:33  Probe  
  77  6:38  Probe  
  79  6:48  Immortal (Chrono Boost)  
  83  6:56  Gateway x2  
  83  6:57  Gateway  
  83  6:59  Zealot  
  85  7:01  Charge (Chrono Boost)  
  85  7:14  Zealot x3  
  91  7:18  Probe  
  91  7:21  Probe  
  91  7:22  Probe  
  94  7:26  Zealot  
  94  7:29  Pylon  
  96  7:30  Pylon  
  96  7:31  Mothership Core  
  96  7:35  Zealot x3  
  105  7:37  Observer  
  105  7:46  Assimilator  
  105  7:48  Zealot  
  111  7:58  Immortal  
  111  8:04  Zealot x3  
  111  8:05  Protoss Ground Armor Level 2 (Chrono Boost), Zealot x2  
  119  8:12  Templar Archives  
  119  8:13  Phoenix  
  119  8:15  Pylon, Zealot  
  119  8:16  Probe x2  
  125  8:20  Pylon  
  125  8:23  Assimilator  
  125  8:24  Probe  
  126  8:28  Probe  
  127  8:38  Zealot x3  
  127  8:39  Zealot  
  127  8:40  Warp Prism (Chrono Boost)  
  137  8:42  Probe x2  
  137  8:45  Probe  
  140  8:52  High Templar x2  
  140  8:53  Zealot  
  140  8:54  Probe  
  147  9:04  Archon  
  147  9:05  High Templar x2  
  147  9:06  Zealot x2  
  147  9:07  Probe  
  156  9:16  Archon  
  156  9:23  Pylon x3  
  156  9:32  Immortal  
  143  9:47  Zealot x5  
  143  9:48  High Templar x2  
  151  9:53  Archon  
  137  10:04  Probe  
  137  10:05  Probe x2  
  114  10:14  Probe  
  114  10:17  Probe x2  
  114  10:20  High Templar x4  
  114  10:21  Zealot x3  
  127  10:25  Probe  
  127  10:27  Archon  
  127  10:28  Archon  
  132  10:29  Probe x2  
  134  10:35  Probe  
  134  10:40  Protoss Ground Armor Level 3 (Chrono Boost)  
  134  10:41  Probe x2  
  137  10:45  Zealot  
  137  10:46  Probe, Zealot x2  
  140  10:53  Zealot, Probe x2  
  140  10:54  Zealot x3  
  140  10:56  Probe  
  126  11:05  Probe  
  120  11:17  High Templar x2, Zealot  
  120  11:18  Zealot x4  
  120  11:22  Archon  
  120  11:23  Probe  
  118  11:39  Zealot x5  
  117  12:01  Probe x2  
  117  12:13  Probe x2  
  119  12:17  Observer  
  118  12:25  Probe x2  
  120  12:37  Probe x2  
  122  12:49  Probe x2  
  122  13:00  Nexus  
  122  13:01  Probe  
  122  13:05  Zealot x2  
  122  13:14  Phoenix (Chrono Boost)  
  117  13:21  Zealot  
  109  13:36  Phoenix (Chrono Boost)  
  109  13:42  High Templar  
  109  13:43  High Templar, Zealot  
  115  13:58  Zealot  
  115  13:59  Zealot  
  115  14:02  Archon  
  119  14:04  Zealot  
  121  14:18  Zealot x3  
Show
View Real Time Build Order
Export as new Build Order

Miszu Terran 

Build Orders: Liberator Opening, MMM Bio 

Get SALT Encoding   

  12  0:01  SCV  
  13  0:13  SCV  
  14  0:17  Supply Depot  
  14  0:25  SCV  
  15  0:30  Refinery  
  15  0:39  SCV  
  16  0:45  Barracks  
  16  0:51  SCV  
  16  0:56  Refinery  
  17  1:05  SCV  
  18  1:17  SCV  
  19  1:34  Orbital Command  
  19  1:35  Marine  
  20  1:41  Factory  
  20  1:53  Marine  
  21  1:59  SCV  
  21  2:04  Supply Depot  
  21  2:10  Marine  
  22  2:18  SCV  
  23  2:29  Marine  
  24  2:30  Hellion, SCV  
  24  2:31  Starport  
  27  2:40  Supply Depot  
  27  2:42  SCV  
  28  2:48  Barracks Reactor  
  28  2:53  Hellion  
  28  2:54  SCV  
  31  3:08  Medivac  
  33  3:14  Hellion  
  33  3:18  SCV  
  33  3:19  Supply Depot  
  36  3:24  Marine x2, Liberator  
  41  3:42  Factory Tech Lab  
  41  3:46  SCV  
  42  3:53  Command Center  
  42  4:05  Marine x2  
  40  4:18  Cyclone  
  40  4:21  SCV  
  40  4:23  Marine  
  45  4:38  SCV  
  46  4:40  Barracks  
  46  4:43  Barracks  
  46  4:50  SCV  
  47  4:59  Marine  
  41  5:00  Marine  
  41  5:06  Starport Reactor, Orbital Command  
  39  5:11  SCV  
  39  5:12  Factory Reactor  
  40  5:15  Engineering Bay  
  40  5:17  Marine  
  40  5:18  Marine  
  42  5:25  Orbital Command  
  42  5:30  Barracks Tech Lab  
  42  5:35  Marine x2, SCV  
  43  5:37  Marine  
  43  5:38  Stimpack  
  43  5:40  Terran Infantry Weapons Level 1  
  43  5:42  Missile Turret  
  46  5:46  Medivac  
  46  5:48  Marine, Combat Shields  
  49  5:50  SCV  
  49  5:51  SCV  
  49  5:54  Marine  
  49  5:55  Marine  
  53  6:02  Medivac, SCV  
  53  6:03  SCV  
  57  6:08  Supply Depot  
  57  6:13  Missile Turret  
  57  6:14  SCV  
  58  6:20  SCV  
  58  6:22  Widow Mine  
  58  6:24  Marine, Refinery  
  62  6:29  Marine x2, Widow Mine  
  62  6:30  Supply Depot  
  62  6:32  SCV  
  67  6:33  SCV  
  66  6:40  Marine  
  66  6:44  SCV  
  68  6:47  SCV  
  68  6:49  Barracks  
  68  6:52  Barracks  
  69  6:56  SCV  
  69  6:57  Widow Mine x2  
  69  7:00  Marine x2  
  76  7:03  SCV  
  77  7:08  SCV  
  78  7:16  Supply Depot  
  78  7:17  Supply Depot  
  78  7:37  Marine x3, Medivac x2  
  78  7:38  SCV x2  
  84  7:44  Command Center  
  84  7:45  Barracks Reactor  
  84  7:46  Barracks Tech Lab  
  84  7:48  Supply Depot, Refinery  
  84  7:49  Supply Depot  
  84  7:50  SCV  
  85  7:56  Marauder  
  87  8:03  Marine x3  
  87  8:05  SCV x2  
  92  8:10  Marauder  
  94  8:17  Marine, SCV  
  96  8:20  Marine  
  96  8:21  Marine x2, Marauder  
  100  8:27  Marine  
  100  8:31  Marine  
  101  8:34  Marine  
  101  8:36  SCV x2  
  101  8:38  Marine  
  101  8:41  Engineering Bay  
  105  8:42  Armory  
  105  8:43  Marauder  
  105  8:48  SCV  
  108  8:51  Medivac x2  
  112  8:58  Supply Depot  
  112  9:00  Missile Turret  
  112  9:05  Orbital Command  
  112  9:07  SCV x2  
  114  9:10  Marine  
  112  9:19  SCV  
  112  9:20  SCV  
  112  9:21  Medivac x2  
  112  9:23  Marauder  
  122  9:24  Marauder  
  122  9:28  Marine  
  122  9:29  Marine, Marauder  
  127  9:31  SCV  
  127  9:32  Widow Mine x2  
  131  9:45  Marauder  
  127  9:50  Marine  
  127  9:51  Marine x5  
  133  10:06  Marine  
  129  10:08  Marine  
  129  10:09  Marine x2, Marauder x2  
  129  10:11  Marine  
  119  10:16  Widow Mine  
  119  10:17  Medivac x2  
  120  10:24  Marauder, Terran Infantry Weapons Level 2  
  120  10:25  Barracks  
  120  10:26  Marine, Barracks x2  
  120  10:27  Marine x2, Terran Infantry Armor Level 1  
  125  10:31  Marine  
  125  10:32  Marauder  
  128  10:36  Marauder  
  130  10:44  Marine  
  130  10:45  Marauder  
  129  10:53  Marauder  
  117  10:57  Marauder  
  84  11:04  Marine  
  84  11:07  Marauder  
  84  11:10  Marine  
  86  11:15  Marauder  
  89  11:20  Widow Mine x2  
  63  12:07  Orbital Command  
Tags
 
Add a new tag
Caveats
  • Supply blocks, unpowered buildings, or Contaminate may cause inaccurate times.
  • Supply counts are checked every 10 seconds.